 Dungeon Crawl Stone Soup version 0.29-a0-648-g6b26cc9f40 (webtiles) character file.

Game seed: 14153748060397961114

212 frimble the Slasher (level 5, -1/34 HPs)
             Began as an Octopode Warper on June 21, 2022.
             Was an Initiate of Ashenzari.
             Slain by an orc priest
             ... wielding a +0 short sword
              (3 damage)
             ... on level 4 of the Dungeon.
             The game lasted 00:03:04 (3377 turns).

frimble the Slasher (Octopode Warper)               Turns: 3377, Time: 00:03:04

Health: -1/34      AC:  1    Str: 10    XL:     5   Next: 89%
Magic:  8/8        EV: 13    Int: 16    God:    Ashenzari [......]
Gold:   172        SH:  0    Dex: 13    Spells: 3/8 levels left

rFire   . . .      SeeInvis .   a - +0 falchion
rCold   . . .      Faith    .   (no shield)
rNeg    . . .      Spirit   .   (helmet restricted)
rPois   .          Reflect  .   (no amulet)
rElec   .          Harm     .   (no ring)
rCorr   .          Rampage  .   (no ring)
Will    .....                   (no ring)
Stlth   +++.......              (no ring)
HPRegen 0.11/turn               (no ring)
MPRegen 0.11/turn               (no ring)
                                (no ring)
                                (no ring)

@: no status effects
A: almost no armour, amphibious, 8 rings, camouflage 1, gelatinous body 1,
(nimble swimmer 1), tentacles
a: Renounce Religion


You were on level 4 of the Dungeon.
You worshipped Ashenzari.
Ashenzari was noncommittal.
You visited 2 branches of the dungeon, and saw 5 of its levels.

You collected 172 gold pieces.

Inventory:

Hand Weapons
 a - a +0 falchion (weapon)
Missiles
 c - 5 boomerangs of dispersal
 l - 6 poisoned darts (quivered)
Wands
 n - a wand of charming (5)
Scrolls
 b - 2 scrolls of blinking
 m - a scroll of identify
Potions
 d - 2 potions of flight
 e - a potion of heal wounds
 f - a potion of cancellation {unknown}
 g - a potion of curing {unknown}
 h - 2 potions of mutation {unknown}
 i - a potion of might {unknown}
 j - a potion of lignification {unknown}
 k - a potion of attraction {unknown}
 o - 3 potions of magic {unknown}


   Skills:
 - Level 2.1 Fighting
 + Level 3.9 Long Blades
 + Level 2.3 Throwing
 - Level 2.4 Dodging
 - Level 3.4 Stealth
 - Level 2.1 Spellcasting
 + Level 3.7 Translocations
 + Level 0.0 Evocations


You had 3 spell levels left.
You knew the following spells:

 Your Spells              Type           Power      Damage    Failure   Level
a - Blink                 Tloc           26%        N/A       7%          2
b - Gell's Gravitas       Tloc           13%        N/A       13%         3

Your spell library contained the following spells:

 Spells                   Type           Power      Damage    Failure   Level
 Lesser Beckoning         Tloc           13%        N/A       13%         3
 Teleport Other           Tloc           13%        N/A       13%         3
 Manifold Assault         Tloc           13%        N/A       77%         5


Dungeon Overview and Level Annotations

Branches:
Dungeon (4/15)             Temple (1/1) D:4

Altars:
Ashenzari
Cheibriados
Dithmenos
Elyvilon
Fedhas
Gozag
Hepliaklqana
Kikubaaqudgha
Makhleb
Nemelex Xobeh
Okawaru
Qazlal
Ru
Sif Muna
Trog
Uskayaw
Vehumet
Wu Jian
Yredelemnul
Zin
The Shining One

Annotations:
D:3 exclusion: gnoll


Innate Abilities, Weirdness & Mutations

You cannot wear most types of armour.
You are amphibious.
You can wear up to eight rings at the same time.
Your skin changes colour to match your surroundings (Stealth+).
Your rubbery body absorbs attacks. (AC +1, EV +1)
((You are camouflaged when in or above water. (Stealth+)))
You have tentacles for arms and can constrict up to eight enemies at once.


Message History

Orders for allies: a - Attack new target. r - Retreat! s - Stop attacking. g - Guard the area. f - Follow me.
Anything else - Cancel.
Gang up on whom?
Press: ? - help, Dir - move target, f - orc
Aim: an orc, wielding a +0 mace (ally target) Attack!
Your orc priest misses the orc.
The orc barely misses your orc priest. x2
Your orc priest hits the orc with a +0 short sword.
The orc barely misses your orc priest. x2
Your orc priest hits the orc with a +0 short sword.
The orc dies!
The orc hits your orc priest with a +0 club.
Your orc priest barely misses the orc.
The orc barely misses your orc priest.
Your orc priest miscasts a cantrip.
The orc hits your orc priest with a +0 club.
Your orc priest hits the orc with a +0 short sword.
The orc misses your orc priest.
Your orc priest mumbles some strange prayers to Beogh against the orc.
The orc writhes in agony.
The orc hits your orc priest with a +0 club.
Your orc priest hits the orc with a +0 short sword.
The orc closely misses your orc priest.
Your orc priest hits the orc with a +0 short sword.
The orc dies!
You swap places.
Things that are here:
a +0 dagger; a +0 leather armour You start resting.
The orc priest is no longer charmed.
The orc priest completely misses you.
You hit the orc priest but do no damage.
Your grab misses the orc priest.
The orc priest is heavily wounded.
The orc priest calls down the wrath of Beogh upon you.
Beogh smites you!
* * * LOW HITPOINT WARNING * * *
You hit the orc priest. Your grab misses the orc priest.
The orc priest is severely wounded.
The orc priest hits you with a +0 short sword.
You die...

## ##### .# #...# . .#
#...####o... .#
#.))..o.....
.###########
##)#..###.##
........(..# ##@#..#
..########.####o.#..#
.### ..##
#...##.##..###..<#####
...#
###..................#
.#.#
####.##..#.........#
##.#
####......#.........
##>### #.......#
#.......# # ##...##
#.......#.##.....##.#
####..##
#.......#.#.......#.#


You could see an orc priest.

Vanquished Creatures
  2 scorpions (D:4)
  Terence (D:2)
  A worm (D:2)
  2 dart slugs
  3 orcs (D:3)
  3 bats
  7 endoplasms
  5 giant cockroaches
  5 goblins
  4 hobgoblins (D:1)
  2 quokkas (D:1)
  6 ball pythons
  3 frilled lizards
  4 kobolds
  4 rats
52 creatures vanquished.

Vanquished Creatures (collateral kills)
  3 orcs (D:4)
3 creatures vanquished.

Vanquished Creatures (others)
  An orc priest (D:4)
1 creature vanquished.

Grand Total: 56 creatures vanquished

Notes
Turn   | Place    | Note
-------+----------+-------------------------------------------
     0 | D:1      | frimble the Octopode Warper began the quest for the Orb.
     0 | D:1      | Reached XP level 1. HP: 14/14 MP: 3/3
    20 | D:1      | Reached XP level 2. HP: 17/19 MP: 5/5
   211 | D:1      | Reached skill level 1 in Stealth
   631 | D:1      | Reached XP level 3. HP: 23/24 MP: 6/6
   902 | D:1      | Found a faded altar of an unknown god.
  1515 | D:2      | Noticed Terence
  1799 | D:2      | HP: 1/24 [Terence/+1 flail of protection (7)]
  1800 | D:2      | Killed Terence
  1801 | D:2      | Reached XP level 4. HP: 1/29 MP: 7/7
  2829 | D:4      | Learned a level 2 spell: Blink
  2833 | D:4      | Found a staircase to the Ecumenical Temple.
  2845 | Temple   | Entered the Ecumenical Temple
  2863 | Temple   | Learned a level 3 spell: Gell's Gravitas
  2900 | Temple   | Became a worshipper of Ashenzari the Shackled
  3036 | D:4      | Noticed a scorpion
  3042 | D:4      | Killed a scorpion
  3043 | D:4      | Reached XP level 5. HP: 34/34 MP: 8/8
  3377 | D:4      | Slain by an orc priest

Illustrated notes

Levels and vault maps discovered:
D:1:      minmay_arrival_four_houses, layout_basic,
          nicolae_ecumenical_snake_handling, minmay_misc_feat_diagonals
D:2:      layout_basic, uniq_terence
D:3:      cheibrodos_pilgrimage, layout_rooms, lemuel_doored_altar,
          cheibrodos_gnoll_hut
D:4:      cheibrodos_greedy_goblins, layout_rooms, temple_pool_b
Temple:   grunt_wide_crystal_templ

Skill      XL: |  1  2  3  4  5 |
---------------+----------------+-----
Stealth        | 1 3 |  3.4
Long Blades    | 3 |  3.9
Throwing       | 2 |  2.3
Fighting       | |  2.1
Dodging        | |  2.4
Spellcasting   | |  2.1
Translocations | |  3.7

Action                   |  1- 3 |  4- 6 || total
-------------------------+-------+-------++-------
Melee: Falchion          |    68 |    41 ||   109
       Tentacles         |    13 |     5 ||    18
       Constrict         |    15 |    10 ||    25
       Punch             |     1 |       ||     1
Throw: Boomerang         |     2 |       ||     2
       Dart              |       |     7 ||     7
Evoke: Wand              |       |     2 ||     2
  Use: Scroll            |     1 |     2 ||     3
 Stab: Sleeping          |     9 |     4 ||    13
Armor: Skin              |     5 |     4 ||     9
Dodge: Dodged            |    34 |    22 ||    56

Table legend: (Time is in decaauts)
 A = Elapsed time spent in this place.
 B = Non-inter-level travel time spent in this place.
 C = Inter-level travel time spent in this place.
 D = Time resting spent in this place.
 E = Time spent auto-exploring this place.
 F = Levels seen in this place.
 G = Mean time per level.
                   A        B        C        D        E       F      G
               +--------+--------+--------+--------+--------+-----+--------+
         Total |   3395 |   3341 |     54 |    355 |   2494 |   5 |  679.0 |
       Dungeon |   3326 |   3288 |     38 |    355 |   2462 |   4 |  831.5 |
        Temple |     68 |     52 |     16 |      0 |     32 |   1 |   68.0 |
               +--------+--------+--------+--------+--------+-----+--------+

Top non-repeatable levels by time:
     D:2: 1492 daAuts
     D:1: 1204 daAuts
     D:4: 551 daAuts
     D:3: 78 daAuts
  Temple: 68 daAuts
